NYP
HILLSBORO HOPS @ LOS ANGELES (NYP) DODGERS
09/02/2045
 
TOP OF THE 1ST
Hillsboro Hops batting - Pitching for Los Angeles (NYP) Dodgers : LHP Mario Arango
Pitching: LHP Mario Arango
Batting: RHB Larry Valencia 0-0: Foul Ball, location: 2F
0-1: Ball
1-1: Foul Ball, location: 2F
1-2: SINGLE (Groundball, 6S, EV 68.8 MPH) (infield hit)
Batting: LHB Soo-yeon Kym 0-0: Ball
1-0: Foul Ball, location: 2F
1-1: Called Strike
1-2: Foul Ball, location: 2F
1-2: Foul Ball, location: 2F
1-2: SINGLE (Groundball, 6D, EV 96.2 MPH)
Larry Valencia to second
Batting: RHB Chad Mendoza 0-0: Ball
Larry Valencia steals 3rd base (no throw)
Soo-yeon Kym to second
1-0: Called Strike
1-1: Foul Ball, location: 2F
1-2: Ball
2-2: Ball
3-2: Ground out 5-3 (Groundball, 56S, EV 76.9 MPH)
Larry Valencia scores
Batting: RHB Larry Hardman 0-0: Called Strike
0-1: Ball
1-1: Ball
2-1: Ball
3-1: Base on Balls
Batting: LHB Dillon Rizzuto 0-0: Ball
1-0: 3-RUN HOME RUN (Flyball, 89XD, EV 115.6 MPH), Distance : 428 ft
Batting: RHB Jeremy Coffey 0-0: Ball
1-0: Ball
2-0: Ball
3-0: Base on Balls
Batting: SHB Mike Kiefer 0-0: Foul Ball, location: 2F
0-1: Ball
1-1: Ball
2-1: Ball
Wild Pitch!
Jeremy Coffey to second
3-1: Base on Balls
Batting: RHB Jeremy Adams 0-0: Swinging Strike
0-1: Swinging Strike
0-2: Strikes out looking
Batting: RHB Trevor Corey 0-0: Ball
1-0: Ball
2-0: Ball
3-0: Base on Balls
Jeremy Coffey to third
Mike Kiefer to second
Batting: RHB Larry Valencia 0-0: Called Strike
0-1: Called Strike
0-2: Foul Ball, location: 2F
0-2: Strikes out swinging
Top of the 1st over - 4 runs, 3 hits, 0 errors, 3 left on base; Hillsboro 4 - Los Angeles (NYP) 0
BOTTOM OF THE 1ST
Los Angeles (NYP) Dodgers batting - Pitching for Hillsboro Hops : RHP Adam Maida
Pitching: RHP Adam Maida
Batting: RHB Roberto Monzon 0-0: Ball
1-0: Ball
2-0: Called Strike
2-1: Swinging Strike
2-2: Ground out U3 (Groundball, 3L, EV 100.6 MPH)
Batting: LHB Nate Kee 0-0: Ball
1-0: Ground out U3 (Groundball, 34S, EV 92.5 MPH)
Batting: LHB Antonio Fierros 0-0: Called Strike
0-1: Swinging Strike
0-2: Ball
1-2: Ball
2-2: Ground out 4-3 (Groundball, 34, EV 84.4 MPH)
Bottom of the 1st over - 0 runs, 0 hits, 0 errors, 0 left on base; Hillsboro 4 - Los Angeles (NYP) 0
TOP OF THE 2ND
Hillsboro Hops batting - Pitching for Los Angeles (NYP) Dodgers : LHP Mario Arango
Batting: LHB Soo-yeon Kym 0-0: Ball
1-0: DOUBLE (Line Drive, 89M, EV 88.1 MPH)
Batting: RHB Chad Mendoza 0-0: Called Strike
0-1: Called Strike
0-2: Ball
1-2: Ball
2-2: Strikes out swinging
Batting: RHB Larry Hardman 0-0: Ball
1-0: Ball
2-0: Called Strike
2-1: Foul Ball, location: 2F
2-2: Foul Ball, location: 2F
2-2: Ball
3-2: Foul Ball, location: 2F
3-2: Base on Balls
Batting: LHB Dillon Rizzuto 0-0: Called Strike
0-1: Foul Ball, location: 2F
0-2: Ball
1-2: 3-RUN HOME RUN (Flyball, 89XD, EV 115.0 MPH), Distance : 429 ft
Pitching: LHP Ben Moore
Batting: RHB Jeremy Coffey 0-0: Called Strike
0-1: Ball
1-1: Fly out, F4 (Line Drive, 4, EV 69.4 MPH)
Batting: SHB Mike Kiefer 0-0: Called Strike
0-1: Ball
1-1: Swinging Strike
1-2: SINGLE (Groundball, P, EV 81.2 MPH) (infield hit)
Batting: RHB Jeremy Adams 0-0: Called Strike
0-1: Swinging Strike
0-2: Ball
1-2: Strikes out swinging
Top of the 2nd over - 3 runs, 3 hits, 0 errors, 1 left on base; Hillsboro 7 - Los Angeles (NYP) 0
BOTTOM OF THE 2ND
Los Angeles (NYP) Dodgers batting - Pitching for Hillsboro Hops : RHP Adam Maida
Batting: SHB Justin Toth 0-0: Called Strike
0-1: Foul Ball, location: 2F
0-2: Ball
1-2: Strikes out swinging
Batting: RHB Justin Curran 0-0: Called Strike
0-1: Called Strike
0-2: Ball
1-2: Fly out, F9 (Flyball, 9LM, EV 94.4 MPH)
Batting: RHB Luis Hinostroza 0-0: Foul Ball, location: 2F
0-1: Called Strike
0-2: Strikes out looking
Bottom of the 2nd over - 0 runs, 0 hits, 0 errors, 0 left on base; Hillsboro 7 - Los Angeles (NYP) 0
TOP OF THE 3RD
Hillsboro Hops batting - Pitching for Los Angeles (NYP) Dodgers : LHP Ben Moore
Batting: RHB Trevor Corey 0-0: Ball
1-0: Foul Ball, location: 2F
1-1: DOUBLE (Line Drive, 3D, EV 95.0 MPH)
Batting: RHB Larry Valencia 0-0: Swinging Strike
0-1: Foul Ball, location: 2F
0-2: Ball
1-2: Ball
2-2: Ball
3-2: Base on Balls
Batting: LHB Soo-yeon Kym 0-0: Called Strike
0-1: Ball
1-1: Foul Ball, location: 2F
1-2: Ball
2-2: Strikes out swinging
Batting: RHB Chad Mendoza 0-0: Ground out 6-3 (Groundball, 56D, EV 85.6 MPH)
Trevor Corey to third
Larry Valencia to second
Batting: RHB Larry Hardman 0-0: Ball
1-0: Called Strike
1-1: Ball
2-1: Foul Ball, location: 2F
2-2: SINGLE (Line Drive, 6MD, EV 96.9 MPH)
Trevor Corey scores
Larry Valencia to third
Runner from 3rd tries for Home, SAFE, throw by CF to home
Larry Hardman to second
Batting: LHB Dillon Rizzuto 0-0: Ball
Wild Pitch!
Larry Hardman to third
1-0: Ball
2-0: Ball
3-0: Called Strike
3-1: Foul Ball, location: 2F
3-2: Foul Ball, location: 2F
3-2: Base on Balls
Batting: RHB Jeremy Coffey 0-0: Ball
1-0: Ball
2-0: SINGLE (Groundball, 6S, EV 68.8 MPH) (infield hit)
Larry Hardman scores
Dillon Rizzuto to second
Batting: SHB Mike Kiefer 0-0: Ball
1-0: Foul Ball, location: 2F
1-1: Ball
2-1: Ball
3-1: Foul Ball, location: 2F
3-2: Fly out, F8 (Flyball, 78D, EV 91.9 MPH)
Top of the 3rd over - 3 runs, 3 hits, 0 errors, 2 left on base; Hillsboro 10 - Los Angeles (NYP) 0
BOTTOM OF THE 3RD
Los Angeles (NYP) Dodgers batting - Pitching for Hillsboro Hops : RHP Adam Maida
Batting: SHB Josh Vaill 0-0: SINGLE (Flyball, 5D, EV 90.6 MPH)
Batting: RHB Joel Escalera 0-0: Called Strike
0-1: Grounds into double play, 1-6-3 (Groundball, 34S, EV 70.6 MPH)
Batting: RHB Ruben Irizarry 0-0: SOLO HOME RUN (Flyball, 7LD, EV 93.8 MPH), Distance : 347 ft
Batting: RHB Roberto Monzon 0-0: Ball
1-0: Foul Ball, location: 2F
1-1: Fly out, F7 (Flyball, 7S, EV 85.6 MPH)
Bottom of the 3rd over - 1 run, 2 hits, 0 errors, 0 left on base; Hillsboro 10 - Los Angeles (NYP) 1
TOP OF THE 4TH
Hillsboro Hops batting - Pitching for Los Angeles (NYP) Dodgers : LHP Ben Moore
Batting: RHB Jeremy Adams 0-0: Called Strike
0-1: Called Strike
0-2: Ball
1-2: Ball
2-2: Ball
3-2: Foul Ball, location: 2F
3-2: Foul Ball, location: 2F
3-2: Strikes out looking
Batting: RHB Trevor Corey 0-0: Ball
1-0: Called Strike
1-1: Ball
2-1: Foul Ball, location: 2F
2-2: Foul Ball, location: 2F
2-2: Ball
3-2: Strikes out swinging
Batting: RHB Larry Valencia 0-0: Ball
1-0: Ball
2-0: Ground out 5-3 (Groundball, 56, EV 104.4 MPH)
Top of the 4th over - 0 runs, 0 hits, 0 errors, 0 left on base; Hillsboro 10 - Los Angeles (NYP) 1
BOTTOM OF THE 4TH
Los Angeles (NYP) Dodgers batting - Pitching for Hillsboro Hops : RHP Adam Maida
Batting: LHB Nate Kee 0-0: Ball
1-0: Ground out 4-3 (Groundball, 34D, EV 103.1 MPH)
Batting: LHB Antonio Fierros 0-0: Ball
1-0: Ball
2-0: Foul Ball, location: 2F
2-1: Foul Ball, location: 2F
2-2: Ground out 4-3 (Groundball, 4, EV 83.8 MPH)
Batting: SHB Justin Toth 0-0: SOLO HOME RUN (Flyball, 9LD, EV 93.1 MPH), Distance : 349 ft
Batting: RHB Justin Curran 0-0: Ball
1-0: Foul Ball, location: 2F
1-1: Ball
2-1: SINGLE (Groundball, 56S, EV 68.1 MPH) (infield hit)
Batting: RHB Luis Hinostroza 0-0: Swinging Strike
0-1: Ball
1-1: Called Strike
Justin Curran steals 2nd base (no throw)
1-2: Strikes out swinging
Bottom of the 4th over - 1 run, 2 hits, 0 errors, 1 left on base; Hillsboro 10 - Los Angeles (NYP) 2
TOP OF THE 5TH
Hillsboro Hops batting - Pitching for Los Angeles (NYP) Dodgers : LHP Ben Moore
Batting: LHB Soo-yeon Kym 0-0: Ground out 2-3 (Groundball, 15S, EV 67.5 MPH)
Batting: RHB Chad Mendoza 0-0: Ball
1-0: Called Strike
1-1: Called Strike
1-2: Ground out 4-3 (Groundball, 4, EV 85.6 MPH)
Batting: RHB Larry Hardman 0-0: Ground out 1-3 (Groundball, 34S, EV 70.6 MPH)
Top of the 5th over - 0 runs, 0 hits, 0 errors, 0 left on base; Hillsboro 10 - Los Angeles (NYP) 2
BOTTOM OF THE 5TH
Los Angeles (NYP) Dodgers batting - Pitching for Hillsboro Hops : RHP Adam Maida
Batting: SHB Josh Vaill 0-0: Called Strike
0-1: Ball
1-1: Swinging Strike
1-2: Ball
2-2: Strikes out swinging
Batting: RHB Joel Escalera 0-0: Ball
1-0: Ball
2-0: Called Strike
2-1: Ground out 5-3 (Groundball, 56, EV 105.6 MPH)
Batting: RHB Ruben Irizarry 0-0: SOLO HOME RUN (Flyball, 9LD, EV 94.4 MPH), Distance : 335 ft
Batting: RHB Roberto Monzon 0-0: Ball
1-0: Ball
2-0: Foul Ball, location: 2F
2-1: Foul Ball, location: 2F
2-2: Foul Ball, location: 2F
2-2: Ball
3-2: Base on Balls
Batting: LHB Nate Kee 0-0: Ball
Roberto Monzon steals 2nd base
1-0: Ball
2-0: Reached on error, E3 (Groundball, 34S, EV 91.9 MPH)
Roberto Monzon to third
Batting: LHB Antonio Fierros 0-0: Foul Ball, location: 2F
0-1: SINGLE (Groundball, 4M, EV 85.6 MPH) (infield hit)
Roberto Monzon scores
Nate Kee to second
Batting: SHB Justin Toth 0-0: Ball
1-0: Ball
2-0: Called Strike
2-1: SINGLE (Groundball, 34D, EV 106.9 MPH)
Nate Kee to third
Antonio Fierros to second
Runner from 3rd tries for Home, SAFE, throw by RF to home
Batting: RHB Justin Curran 0-0: Ball
1-0: Foul Ball, location: 2F
1-1: Called Strike
1-2: Foul Ball, location: 2F
1-2: Ball
2-2: Foul Ball, location: 2F
2-2: Strikes out swinging
Bottom of the 5th over - 3 runs, 3 hits, 1 error, 2 left on base; Hillsboro 10 - Los Angeles (NYP) 5
TOP OF THE 6TH
Hillsboro Hops batting - Pitching for Los Angeles (NYP) Dodgers : LHP Ben Moore
Batting: LHB Dillon Rizzuto 0-0: Fly out, F9 (Flyball, 89D, EV 96.2 MPH)
Batting: RHB Jeremy Coffey 0-0: Called Strike
0-1: Called Strike
0-2: Ball
1-2: Strikes out looking
Pitching: RHP Luis Alvarez
Batting: SHB Mike Kiefer 0-0: Foul Ball, location: 2F
0-1: Ball
1-1: Ball
2-1: Ball
3-1: Called Strike
3-2: Ground out 4-3 (Groundball, 34, EV 106.9 MPH)
Top of the 6th over - 0 runs, 0 hits, 0 errors, 0 left on base; Hillsboro 10 - Los Angeles (NYP) 5
BOTTOM OF THE 6TH
Los Angeles (NYP) Dodgers batting - Pitching for Hillsboro Hops : RHP Adam Maida
Batting: RHB Luis Hinostroza 0-0: Ball
1-0: Swinging Strike
1-1: Foul Ball, location: 2F
1-2: Strikes out swinging
Batting: SHB Josh Vaill 0-0: Ball
1-0: Swinging Strike
1-1: Foul Ball, location: 2F
1-2: Strikes out swinging
Pitching: RHP John Petersen
Batting: RHB Joel Escalera 0-0: Ground out 5-3 (Groundball, 56, EV 90.0 MPH)
Bottom of the 6th over - 0 runs, 0 hits, 0 errors, 0 left on base; Hillsboro 10 - Los Angeles (NYP) 5
TOP OF THE 7TH
Hillsboro Hops batting - Pitching for Los Angeles (NYP) Dodgers : RHP Luis Alvarez
Batting: RHB Jeremy Adams 0-0: Ball
1-0: Called Strike
1-1: SOLO HOME RUN (Flyball, 7LD, EV 94.4 MPH), Distance : 366 ft
Batting: RHB Trevor Corey 0-0: Called Strike
0-1: Swinging Strike
0-2: Foul Ball, location: 2F
0-2: Foul Ball, location: 2F
0-2: Strikes out swinging
Batting: RHB Larry Valencia 0-0: Reached on error, E1 (Groundball, 15S, EV 70.0 MPH)
Batting: LHB Soo-yeon Kym 0-0: Ball
1-0: Ball
2-0: Foul Ball, location: 2F
2-1: Ball
3-1: Fly out, F5 (Line Drive, 5, EV 70.0 MPH)
Batting: RHB Chad Mendoza 0-0: Ball
1-0: Called Strike
1-1: Fly out, F8 (Flyball, 8LM, EV 79.4 MPH)
Top of the 7th over - 1 run, 1 hit, 1 error, 1 left on base; Hillsboro 11 - Los Angeles (NYP) 5
BOTTOM OF THE 7TH
Los Angeles (NYP) Dodgers batting - Pitching for Hillsboro Hops : RHP John Petersen
Batting: RHB Ruben Irizarry 0-0: Fly out, F8 (Flyball, 78D, EV 96.9 MPH)
Batting: RHB Roberto Monzon 0-0: Ground out 5-3 (Groundball, 56S, EV 88.8 MPH)
Batting: LHB Nate Kee 0-0: Fly out, F8 (Line Drive, 8LM, EV 105.0 MPH)
Bottom of the 7th over - 0 runs, 0 hits, 0 errors, 0 left on base; Hillsboro 11 - Los Angeles (NYP) 5
TOP OF THE 8TH
Hillsboro Hops batting - Pitching for Los Angeles (NYP) Dodgers : RHP Luis Alvarez
Pitching: RHP Juan Isidro
Batting: RHB Larry Hardman 0-0: Ball
1-0: Foul Ball, location: 2F
1-1: Ground out U3 (Groundball, 3, EV 108.8 MPH)
Batting: LHB Dillon Rizzuto 0-0: Ball
1-0: Foul Ball, location: 2F
1-1: Ball
2-1: Foul Ball, location: 2F
2-2: Ball
3-2: Strikes out swinging
Batting: RHB Jeremy Coffey 0-0: Swinging Strike
0-1: Ball
1-1: Foul Ball, location: 2F
1-2: Strikes out looking
Top of the 8th over - 0 runs, 0 hits, 0 errors, 0 left on base; Hillsboro 11 - Los Angeles (NYP) 5
BOTTOM OF THE 8TH
Los Angeles (NYP) Dodgers batting - Pitching for Hillsboro Hops : RHP John Petersen
Batting: LHB Antonio Fierros 0-0: Ball
1-0: Called Strike
1-1: Hit by Pitch
Batting: SHB Justin Toth 0-0: Called Strike
0-1: Ball
1-1: Ball
2-1: Ball
3-1: Base on Balls
Antonio Fierros to second
Batting: RHB Justin Curran 0-0: Grounds into double play, 6-4-3 (Groundball, 6, EV 106.2 MPH)
Antonio Fierros to third
Batting: RHB Luis Hinostroza 0-0: Ball
1-0: SINGLE (Line Drive, 34D, EV 98.1 MPH)
Antonio Fierros scores
Batting: SHB Josh Vaill 0-0: Foul Ball, location: 2F
0-1: Foul Ball, location: 2F
0-2: Ball
1-2: Ball
2-2: Foul Ball, location: 2F
2-2: Foul Ball, location: 2F
2-2: Ball
3-2: Strikes out swinging
Bottom of the 8th over - 1 run, 1 hit, 0 errors, 1 left on base; Hillsboro 11 - Los Angeles (NYP) 6
TOP OF THE 9TH
Hillsboro Hops batting - Pitching for Los Angeles (NYP) Dodgers : RHP Juan Isidro
Batting: SHB Mike Kiefer 0-0: Called Strike
0-1: Ball
1-1: Foul Ball, location: 2F
1-2: Foul Ball, location: 2F
1-2: Ball
2-2: Ground out 6-3 (Groundball, 56, EV 86.2 MPH)
Batting: RHB Jeremy Adams 0-0: Ball
1-0: Called Strike
1-1: Swinging Strike
1-2: Strikes out swinging
Batting: RHB Trevor Corey 0-0: Swinging Strike
0-1: Foul Ball, location: 2F
0-2: Ball
1-2: Strikes out looking
Top of the 9th over - 0 runs, 0 hits, 0 errors, 0 left on base; Hillsboro 11 - Los Angeles (NYP) 6
BOTTOM OF THE 9TH
Los Angeles (NYP) Dodgers batting - Pitching for Hillsboro Hops : RHP John Petersen
Pitching: RHP Rick Foster
Batting: RHB Joel Escalera 0-0: Ground out 2-3 (Groundball, 13S, EV 71.9 MPH)
Batting: RHB Ruben Irizarry 0-0: Ball
1-0: Ball
2-0: Swinging Strike
2-1: Ball
3-1: Called Strike
3-2: Base on Balls
Batting: RHB Roberto Monzon 0-0: Called Strike
0-1: Hit by Pitch
Ruben Irizarry to second
Batting: LHB Nate Kee 0-0: Ball
1-0: Swinging Strike
1-1: Ball
2-1: Swinging Strike
2-2: Strikes out looking
Batting: LHB Antonio Fierros 0-0: Ball
1-0: Ball
2-0: SINGLE (Line Drive, 9S, EV 102.5 MPH)
Ruben Irizarry to third
Roberto Monzon to second
Batting: SHB Justin Toth 0-0: Ball
1-0: Ball
2-0: Ball
3-0: Called Strike
3-1: SINGLE (Line Drive, 3D, EV 98.1 MPH)
Ruben Irizarry scores
Roberto Monzon to third
Antonio Fierros to second
Pitching: LHP Heath Henderson
Batting: RHB Justin Curran 0-0: Ball
1-0: Ball
2-0: Ball
3-0: Base on Balls
Roberto Monzon scores
Antonio Fierros to third
Justin Toth to second
Batting: RHB Luis Hinostroza 0-0: Ball
1-0: Swinging Strike
1-1: DOUBLE (Flyball, 8LXD, EV 108.8 MPH)
Antonio Fierros scores
Justin Toth scores
Justin Curran to third
Runner from 3rd tries for Home, SAFE, no throw by CF
Pinch Hitting: RHB Mike Dodson 0-0: Intentional Walk
Batting: RHB Joel Escalera 0-0: Foul Ball, location: 2F
0-1: SINGLE (Groundball, 56D, EV 106.2 MPH)
Luis Hinostroza to third
Mike Dodson to second
Runner from 3rd tries for Home, SAFE, throw by LF to home
Bottom of the 9th over - 6 runs, 4 hits, 0 errors, 0 left on base; Hillsboro 11 - Los Angeles (NYP) 12
Game Over ... Los Angeles (NYP) defeats Hillsboro, 12 to 11
Wednesday, June 22nd , 2022 - OOTP Baseball 23.4 Build 64